 Dungeon Crawl Stone Soup version 0.17-a0-1564-g7b572aa (webtiles) character file.

15619 urechis the Grappler (level 12, 0/126 HPs)
             Began as a Troll Monk on July 21, 2015.
             Was a Believer of Jiyva.
             Slain by a centaur (10 damage)
             ... on level 5 of the Lair of Beasts.
             The game lasted 00:26:54 (9940 turns).

urechis the Grappler (Troll Monk)                   Turns: 9940, Time: 00:26:55

Health: 0/126      AC:  8    Str: 31    XL:     12   Next: 2%
Magic:  11/11      EV:  8    Int:  6    God:    Jiyva [**....]
Gold:   815        SH: 18    Dex: 14    Spells: 0 memorised, 11 levels left

rFire  . . .     SeeInvis .       - Unarmed
rCold  . . .     Clarity  .     y - steam dragon hide
rNeg   . . .     SustAt   .     c - +0 large shield
rPois  .         Gourm    +     (helmet restricted)
rElec  .         Spirit   .     E - +0 cloak
rCorr  +         Warding  .     (gloves unavailable)
rMut   .         Stasis   .     (boots unavailable)
MR     .....                    P - amulet of resist corrosion
Stlth  ++........               (no ring)
                                (no ring)

@: mighty, very slightly contaminated, hasted, very quick, not resistant to
hostile enchantments, unstealthy
A: unfitting armour, antennae 1, claws 3, talons 1, thin metallic scales 1,
agile 1, fast metabolism 3, gourmand, regeneration 2, shaggy fur 1, tough skin 2
a: Request Jelly, Jelly Paralyse, Renounce Religion


You were on level 5 of the Lair of Beasts.
You worshipped Jiyva.
Jiyva was pleased with you.
You were full.

You visited 3 branches of the dungeon, and saw 17 of its levels.

You collected 815 gold pieces.

Inventory:

Hand weapons
 a - a +2 blowgun
Missiles
 f - 16 tomahawks (quivered)
 k - a throwing net
 p - 2 curare-tipped needles
 q - 3 large rocks
 t - 53 poisoned needles
 C - 3 needles of sleeping
 N - 5 poisoned javelins
Armour
 c - a +0 large shield (worn)
 y - a steam dragon hide (worn)
 A - a quicksilver dragon hide
 E - a +0 cloak (worn)
Rods
 v - a +0 rod of destruction (14/14)
   (You took it off an orc wizard on level 5 of the Dungeon)
Jewellery
 i - an uncursed ring of ice
 P - an amulet of resist corrosion (around neck)
 U - an uncursed amulet of inaccuracy
Magical devices
 J - a wand of draining (6)
 K - a wand of flame (28)
 L - a wand of lightning (6)
 M - a wand of magic darts (20)
 Q - a wand of polymorph (9)
 S - a wand of lightning (9)
 W - a wand of cold (10)
Scrolls
 e - 10 scrolls of remove curse
 j - a scroll of identify
 r - 5 scrolls of teleportation
 D - a scroll of enchant armour {unknown}
 F - a scroll of fog {unknown}
 G - 2 scrolls of magic mapping
 I - 2 scrolls of vulnerability {unknown}
 T - a scroll of amnesia {unknown}
Potions
 h - 2 potions of cure mutation
 l - a potion of invisibility {unknown}
 n - a potion of might
 o - 2 potions of resistance
 s - 2 potions of flight
 u - a potion of haste
 z - a potion of degeneration {unknown}
 H - a potion of magic {unknown}
 O - a potion of brilliance
 V - a potion of cancellation {unknown}
Books
 R - a book of Flames

   Spells                             Type                      Level
   a - Flame Tongue                   Conjuration/Fire             1
   b - Throw Flame                    Conjuration/Fire             2
   c - Conjure Flame                  Conjuration/Fire             3
   d - Inner Flame                    Hexes/Fire                   3
   e - Sticky Flame                   Conjuration/Fire             4
   f - Fireball                       Conjuration/Fire             5
Comestibles
 b - 14 bread rations
 d - 2 slices of pizza
 g - 19 fruits
 w - 2 beef jerkies
 x - a meat ration
 B - 2 royal jellies


   Skills:
 + Level 9.6 Fighting
 - Level 2.4 Dodging
 - Level 1.1 Stealth
 * Level 6.6 Shields
 + Level 14.3 Unarmed Combat


You had 11 spell levels left.
You didn't know any spells.

Dungeon Overview and Level Annotations

Branches:
Dungeon (10/15)            Temple (1/1) D:5            Lair (6/8) D:10
  Slime (0/6) Lair:6
  Swamp: Lair:3-6    Shoals: Lair:3-6     Snake: Lair:3-6    Spider: Lair:3-6
    Orc: D:9-12

Altars:
Ashenzari
Cheibriados
Dithmenos
Elyvilon
Fedhas
Gozag
Kikubaaqudgha
Makhleb
Nemelex Xobeh
Okawaru
Qazlal
Ru
Sif Muna
Trog
Vehumet
Xom
Yredelemnul
Zin
The Shining One
Jiyva

Shops:
D:4 [   D:8 !

Portals:
Ice
Cave: Lair:6

Annotations:
D:6 urechis's ghost, experienced TrMo


Innate Abilities, Weirdness & Mutations

You are too large for most types of armour.
You have claws for hands.
Your metabolism is lightning-fast.
You like to eat raw meat.
You heal very quickly.
You are covered in fur (AC +1).
You have very tough skin (AC +2).
You have a pair of small antennae on your head.
You have sharp toenails.
You are partially covered in thin metallic scales (AC +2).
You are agile. (Dex +2)


Message History

The wolf bites you but does no damage. You block the wolf's attack.
The wolf bites you!
* * * LOW HITPOINT WARNING * * *
You scratch the polar bear but do no damage.
You claw the polar bear.
The polar bear is lightly wounded.
The centaur hits you but does no damage.
The wolf bites you.
* * * LOW HITPOINT WARNING * * *
You block the wolf's attack. The wolf bites you!
* * * LOW HITPOINT WARNING * * *
The sheep barely misses you.
The polar bear bites you but does no damage.
The polar bear claws you but does no damage. x2
Drink which item? (? for menu, Esc to quit)
You feel better. The wolf bites you.
* * * LOW HITPOINT WARNING * * *
You block the wolf's attack. x2
The centaur hits you!
You die...

♣♣♣♣♣
♣♣♣...♣♣♣
♣.......♣
♣♣.......♣♣
♣...hYh...♣
♣...h@h...♣
♣...ch....♣
♣♣.......♣♣
♣.......♣
♣♣♣...♣♣♣
♣♣..♣ ..♣♣
..♣


You could see a polar bear, a black bear, 3 wolves, a centaur and a sheep.

Vanquished Creatures
  Gastronok (D:8)
  An unseen horror (D:9)
  A hill giant (D:10)
  6 elephants (Lair:1)
  A griffon (Lair:4)
  A cyclops (D:9)
  A manticore (D:9)
  Maurice (D:8)
  A black mamba (Lair:4)
  2 komodo dragons (D:10)
  3 spiny frogs
  Prince Ribbit (D:6)
  A troll (D:10)
  A spriggan (Lair:5)
  2 hippogriffs
  3 deep elf magi (D:9)
  A wyvern (D:10)
  9 wolves (Lair:1)
  A steam dragon (D:10)
  Menkaure (D:7)
  2 soldier ants
  A warg (Lair:1)
  A porcupine (Lair:4)
  A black bear (D:9)
  2 sky beasts (D:9)
  5 phantoms
  4 ice beasts
  7 centaurs
  2 crocodiles
  3 ogres
  A gnoll sergeant (D:9)
  5 giant frogs
  A scorpion (D:10)
  9 wights
  2 killer bees (Lair:2)
  5 crimson imps
  3 jellies (Lair:6)
  5 giant frog zombies
  7 hounds
  3 giant frog skeletons
  Crazy Yiuf (D:6)
  2 centaur zombies
  4 orc priests
  3 centaur skeletons
  8 worker ants
  5 iguanas
  4 orc wizards
  A sheep (Lair:6)
  A hound zombie (D:5)
  13 adders
  A worker ant zombie (D:9)
  10 gnolls
  9 river rats (Lair:1)
  4 oozes
  An adder skeleton (D:9)
  An adder zombie (D:5)
  A worm (D:2)
  4 giant geckos
  15 orcs
  A ball python (D:3)
  18 bats
  A bat skeleton (D:5)
  4 giant cockroaches
  10 hobgoblins
  10 jackals
  5 quokkas
  A giant gecko skeleton (D:4)
  2 giant gecko zombies
  3 giant newts
  9 goblins
  A jackal skeleton (D:8)
  17 kobolds
  12 rats
  A fungus (D:6)
291 creatures vanquished.

Notes
Turn   | Place    | Note
--------------------------------------------------------------
     0 | D:1      | urechis the Troll Monk began the quest for the Orb.
     0 | D:1      | Reached XP level 1. HP: 22/22 MP: 0/0
   124 | D:1      | Reached XP level 2. HP: 29/29 MP: 1/1
   386 | D:2      | Reached XP level 3. HP: 26/36 MP: 2/2
   463 | D:2      | Found a shattered altar of Ashenzari.
   464 | D:2      | Found a deep blue altar of Sif Muna.
   464 | D:2      | Found a sacrificial altar of Ru.
   467 | D:2      | Found a snail-covered altar of Cheibriados.
   606 | D:2      | Reached skill level 5 in Unarmed Combat
  1270 | D:3      | Reached XP level 4. HP: 45/45 MP: 3/3
  1996 | D:4      | Found Xiqaam's Armour Boutique.
  2127 | D:4      | Reached XP level 5. HP: 44/53 MP: 4/4
  2261 | D:4      | Reached skill level 6 in Unarmed Combat
  2429 | D:4      | Reached XP level 6. HP: 55/62 MP: 5/5
  2507 | D:5      | Entered Level 5 of the Dungeon
  2541 | D:5      | Reached skill level 7 in Unarmed Combat
  2612 | D:5      | Reached XP level 7. HP: 37/71 MP: 6/6
  2628 | D:5      | Found a stormy altar of Qazlal.
  2817 | D:5      | Reached skill level 8 in Unarmed Combat
  3090 | D:5      | Found a staircase to the Ecumenical Temple.
  3110 | Temple   | Entered the Ecumenical Temple
  3504 | D:6      | Reached skill level 5 in Fighting
  3504 | D:6      | Reached XP level 8. HP: 76/80 MP: 7/7
  3647 | D:6      | Reached skill level 9 in Unarmed Combat
  3876 | D:6      | Found a shadowy altar of Dithmenos.
  3931 | D:6      | Noticed urechis's ghost (experienced TrMo)
  4342 | D:6      | Noticed Prince Ribbit
  4364 | D:6      | Killed Prince Ribbit
  4670 | D:6      | Noticed Crazy Yiuf
  4677 | D:6      | Killed Crazy Yiuf
  4707 | D:7      | Noticed Menkaure
  4718 | D:7      | Killed Menkaure
  4718 | D:7      | Reached skill level 10 in Unarmed Combat
  5269 | D:7      | Reached XP level 9. HP: 87/89 MP: 8/8
  5857 | D:8      | Noticed Gastronok
  5878 | D:8      | Killed Gastronok
  5878 | D:8      | Reached skill level 12 in Unarmed Combat
  5878 | D:8      | Reached XP level 10. HP: 67/102 MP: 9/9
  6101 | D:8      | Noticed Maurice
  6118 | D:8      | Killed Maurice
  6127 | D:8      | Identified a +0 rod of destruction (14/14) (You took it off an orc wizard on level 5 of the Dungeon)
  6375 | D:8      | Found Taoc Keo's Distillery.
  6869 | D:9      | Noticed a manticore
  6880 | D:9      | Killed a manticore
  6880 | D:9      | Reached skill level 13 in Unarmed Combat
  6888 | D:9      | Killed an unseen horror
  7151 | D:9      | Reached skill level 1 in Shields
  7220 | D:9      | Gained mutation: You have a pair of small antennae on your head. [potion of mutation]
  7220 | D:9      | Gained mutation: You are partially covered in thin metallic scales (AC +2). [potion of mutation]
  7221 | D:9      | Gained mutation: You have sharp toenails. [potion of mutation]
  7221 | D:9      | Gained mutation: You are agile. (Dex +2) [potion of mutation]
  7442 | D:9      | Noticed a cyclops
  7451 | D:9      | Killed a cyclops
  7775 | D:10     | Entered Level 10 of the Dungeon
  7832 | D:10     | Noticed a hill giant
  8172 | D:10     | Reached XP level 11. HP: 108/113 MP: 10/10
  8290 | D:10     | Killed a hill giant
  8577 | D:9      | HP: 5/113 [black bear (5)]
  9004 | D:10     | Found a staircase to the Lair.
  9095 | Lair:1   | Entered Level 1 of the Lair of Beasts
  9131 | Lair:1   | Reached skill level 5 in Shields
  9146 | Lair:1   | Reached skill level 14 in Unarmed Combat
  9838 | Lair:6   | Reached XP level 12. HP: 124/124 MP: 11/11
  9867 | Lair:6   | Found a runed door.
  9867 | Lair:6   | Found a viscous altar of Jiyva.
  9869 | Lair:6   | Found a staircase to the Slime Pits.
  9888 | Lair:6   | Became a worshipper of Jiyva Juapnala the Shapeless
  9888 | Lair:6   | Acquired Jiyva's first power
  9888 | Lair:6   | Acquired Jiyva's second power
  9898 | Lair:6   | Found a frozen archway.
  9939 | Lair:5   | HP: 3/126 [wolf (10)]
  9940 | Lair:5   | Slain by a centaur

Vault maps used:
D:1:      dpeg_arrival_windows_large_door
D:2:      grunt_temple_overflow_open
D:3:      first_bread
D:4:      serial_shops, shop
D:5:      nicolae_overflow_hidden_temple, temple_hall
D:6:      grunt_dithmenos_shadows, uniq_prince_ribbit1, uniq_crazy_yiuf_cottage
D:7:      uniq_menkaure
D:8:      serial_shops, shop, uniq_maurice, uniq_gastronok
D:9:      wad_arrow_thing
D:10:     erik_lair_dragon
Temple:   nicolae_temple_figure_eight
Lair:1:   beast_lair_carwin_large_4, special_room, infiniplex_staircase_pool_2
Lair:3:   elwin_shoals_entry_rocks, grunt_megastairs_4
Lair:4:   spider_nest_entry_funnel_web, disabler_island, uniq_harold
Lair:5:   pond_and_an_island_with_a_cottage, forest_entry_grove
Lair:6:   slime_altar_2, portal_ice_cave_entry_pillars_01, wad_woods_road_04

Action                   |  1- 3 |  4- 6 |  7- 9 | 10-12 || total
-------------------------+-------+-------+-------+-------++-------
Melee: Unarmed           |   100 |   134 |   255 |   504 ||   993
  Use: Potion            |       |       |     4 |     8 ||    12
       Scroll            |       |       |       |    16 ||    16
 Stab: Sleeping          |     1 |     1 |     4 |     3 ||     9
  Eat: Chunk             |     7 |    18 |    23 |    38 ||    86
       Fruit             |     1 |     3 |       |     2 ||     6
